 Dungeon Crawl Stone Soup version 0.23.0 (webtiles) character file.

Game seed: 1075717719834095418

14903 Gargoyl the Agent of Entropy (level 11, -10/92 HPs)
             Began as a Centaur Abyssal Knight on Feb 16, 2019.
             Was a Priest of Lugonu.
             Mangled by a tyrant leech (19 damage)
             ... on level 3 of the Lair of Beasts on Feb 18, 2019.
             The game lasted 00:26:04 (16744 turns).

Gargoyl the Agent of Entropy (CeAK)                Turns: 16744, Time: 00:26:05

Health: -10/92     AC: 15    Str: 23    XL:     11   Next: 94%
Magic:  17/17      EV:  6    Int: 11    God:    Lugonu [***...]
Gold:   358        SH: 11    Dex: 12    Spells: 10/10 levels left

rFire    + . .     SeeInvis +   n - +4 war axe (chop)
rCold    . . .     Gourm    .   y - +2 shield {rN+}
rNeg     + + .     Faith    .   A - +1 chain mail {rF+}
rPois    .         Spirit   .   f - +2 hat
rElec    .         Reflect  .   o - +0 cloak {MR+}
rCorr    .         Harm     .   D - +0 pair of gloves (curse)
MR       +....                  (no barding)
Stlth    ..........             (no amulet)
HPRegen  0.25/turn              i - +4 ring of strength
MPRegen  0.15/turn              x - ring of Ferainguch {rN+ Str+2 Dex+2 SInv}

@: very quick
A: large, hooves 3, deformed body, speed 2, tough skin 3
a: Depart the Abyss, Bend Space, Banish, Renounce Religion


You were on level 3 of the Lair of Beasts.
You worshipped Lugonu.
Lugonu was most pleased with you.
You were not hungry.

You visited 2 branches of the dungeon, and saw 13 of its levels.
You visited the Abyss 1 time.

You collected 673 gold pieces.
You spent 315 gold pieces at shops.

Inventory:

Hand Weapons
 a - a +4 hand axe
 g - a +2 broad axe
 n - a +4 war axe of chopping (weapon)
Missiles
 w - 10 tomahawks (quivered)
Armour
 b - the +1 scale mail of the Armoured One {rElec MR+}
   (You found it on level 2 of the Lair of Beasts)

   It insulates you from electricity.
   It affects your resistance to hostile enchantments.
 f - a +2 hat (worn)
 o - a +0 cloak of magic resistance (worn)
 y - a +2 shield of positive energy (worn)
 A - a +1 chain mail of fire resistance (worn)
 D - a cursed +0 pair of gloves (worn)
Jewellery
 i - a +4 ring of strength (left hand)
 x - the ring of Ferainguch (right hand) {rN+ Str+2 Dex+2 SInv}
   (You took it off a gnoll on level 6 of the Dungeon)

   [ring of see invisible]

   It affects your strength (+2).
   It affects your dexterity (+2).
   It protects you from negative energy.
   It lets you see invisible.
Wands
 r - a wand of iceblast (2)
 u - a wand of acid (8)
 B - a wand of random effects (36)
 C - a wand of polymorph (11)
Scrolls
 d - 7 scrolls of remove curse
 e - a scroll of identify
 h - a scroll of teleportation
 j - 3 scrolls of blinking
 k - 6 scrolls of magic mapping
 p - 2 scrolls of amnesia
 q - a scroll of fog
Potions
 l - 2 potions of flight
 m - a potion of ambrosia
 s - a potion of agility
 v - a potion of magic
 z - a potion of degeneration
Comestibles
 c - 16 rations
 t - a chunk of flesh


   Skills:
 + Level 7.0 Fighting
 + Level 9.0 Axes
 * Level 8.3 Armour
 * Level 5.7 Dodging
 + Level 3.2 Shields
 * Level 9.1 Invocations
 + Level 0.2 Evocations


You had 10 spell levels left.
You didn't know any spells.
Your spell library contained the following spells:

 Spells                   Type           Power        Failure   Level  Hunger
 Animate Skeleton         Necr           N/A          100%        1    ##.....
 Apportation              Tloc           #.....       100%        1    ##.....
 Confusing Touch          Hex            #.....       100%        1    ##.....
 Pain                     Necr           #...         100%        1    ##.....
 Shock                    Conj/Air       #...         100%        1    ##.....
 Summon Small Mammal      Summ           #...         100%        1    ##.....
 Blink                    Tloc           N/A          100%        2    ###....
 Swiftness                Chrm/Air       #.......     100%        2    ###....
 Regeneration             Chrm/Necr      #.........   100%        3    ####...
 Static Discharge         Conj/Air       #.......     100%        3    ####...
 Vampiric Draining        Necr           #.........   100%        3    ####...
 Airstrike                Air            #.........   100%        4    #####..
 Animate Dead             Necr           N/A          100%        4    #####..
 Lightning Bolt           Conj/Air       #.........   100%        5    ######.


Dungeon Overview and Level Annotations

Branches:
Dungeon (10/15)            Temple (0/1) D:4            Lair (3/6) D:10
  Snake (0/4) Lair:3
  Swamp: Lair:2-4    Shoals: Lair:2-4       Orc: D:9-12

Altars:
Dithmenos
Fedhas
Hepliaklqana
Kikubaaqudgha
Makhleb
Nemelex Xobeh
Sif Muna
Yredelemnul
Zin

Shops:
D:6 *%[?   D:8 (

Annotations:
Lair:2 Sonja
Abyss:1 Gastronok, Harold


Innate Abilities, Weirdness & Mutations

You have hooves in place of feet.
Armour fits poorly on your strangely shaped body.
You cover ground very quickly.
You have extremely tough skin. (AC +3)


Message History

The blink frog blinks!
You hit the tyrant leech. Your kick misses the tyrant leech.
The tyrant leech is moderately wounded.
You miss the blink frog.
The blink frog hits you but does no damage.
The tyrant leech bites you but does no damage.
Unknown command.
You hit the tyrant leech. Your kick misses the tyrant leech.
The tyrant leech is moderately wounded.
You slash the blink frog!
The blink frog blinks! x2
The tyrant leech bites you!
* * * LOW HITPOINT WARNING * * *
The tyrant leech draws strength from your injuries!
The blink frog hits you!
* * * LOW HITPOINT WARNING * * *
The blink frog blinks!
You closely miss the tyrant leech.
The tyrant leech is moderately wounded.
The tyrant leech bites you!!
You die...

#.####.......# ...###......##
#..........## ..#.(......##
...........P# ##
####.P...#....#.###
###...##.#...... .. #
###...###w#...#.##.P#. .#
#.......#@F..##...... .P#
##.......#§#.###..#.# #...
...##..)...(.......#..!###.P.P#
........÷>.....#.####..#.#...#
.......†.......#..#...#.#....##
.....#.......#..)).............
.....#.......#..##..#..##..(.##
.... ###.F.####.####..## ##..#
.... ...... ### ##.# .#


You could see a tyrant leech and 2 blink frogs.

Vanquished Creatures
  Fannar (Lair:3)
  A tengu warrior (D:9)
  Pikel (D:7)
  2 elephants
  Maurice (D:10)
  Joseph (D:10)
  2 spiny frogs
  Grinder (D:3)
  2 blink frogs (Lair:3)
  6 hippogriffs
  2 spriggans (Lair:1)
  A yak (D:10)
  2 nagas (Lair:3)
  4 wargs (D:10)
  A soldier ant (D:10)
  Duvessa (D:6)
  3 water moccasins
  3 porcupines
  2 black bears
  6 orc warriors
  2 sky beasts
  An eye of draining (D:10)
  3 ogres
  2 phantoms
  3 centaurs
  5 crocodiles
  10 bullfrogs
  A gnoll sergeant (D:8)
  Dowan (D:6)
  A water moccasin skeleton (D:4)
  3 scorpions
  11 killer bees
  7 wights
  2 electric eels
  2 howler monkeys
  A bullfrog zombie (D:10)
  2 crimson imps
  2 quasits
  7 hounds
  3 orc wizards
  Crazy Yiuf (D:3)
  2 bullfrog skeletons
  5 orc priests
  2 centaur skeletons
  2 jellies
  Jessica (D:3)
  An iguana (D:7)
  Terence (D:2)
  3 worker ants
  A killer bee zombie (D:8)
  A hound zombie (D:7)
  A howler monkey zombie (D:10)
  8 gnolls
  2 worker ant zombies
  12 adders
  An ooze (D:1)
  3 worms
  2 dart slugs
  10 leopard geckos
  32 orcs
  2 ball pythons
  5 bats
  7 giant cockroaches
  2 goblins
  3 hobgoblins
  14 jackals
  4 kobolds
  7 quokkas
  3 frilled lizards
  A quokka skeleton (D:6)
  5 rats
256 creatures vanquished.

Vanquished Creatures (others)
  2 hydras
  The ghost of Flure the Artisan of Death, a novice DsNe of Kikubaaqudgha (D:9)
  A polar bear (Lair:3)
  An orc warrior (D:6)
  2 killer bees (D:9)
  An orc wizard (D:9)
  A quokka (D:7)
  3 plants (Lair:3)
12 creatures vanquished.

Grand Total: 268 creatures vanquished

Notes
Turn   | Place    | Note
-------+----------+-------------------------------------------
     0 | Abyss:1  | Gargoyl the Centaur Abyssal Knight began the quest for the
                  | Orb.
     0 | Abyss:1  | Reached XP level 1. HP: 19/19 MP: 2/2
    26 | Abyss:1  | Noticed a small abomination
    34 | Abyss:1  | Noticed a smoke demon
    44 | Abyss:3  | Found a corrupted altar of Lugonu.
    95 | Abyss:3  | Noticed a golden eye
    96 | D:1      | Escaped the Abyss
   435 | D:1      | Reached * piety under Lugonu
   435 | D:1      | Reached XP level 2. HP: 26/26 MP: 3/3
   555 | D:1      | Reached skill level 1 in Dodging
  1066 | D:2      | Reached XP level 3. HP: 28/31 MP: 4/4
  1066 | D:2      | Noticed Terence
  1169 | D:2      | Killed Terence
  1454 | D:2      | Reached XP level 4. HP: 37/38 MP: 5/5
  1650 | D:2      | Found a sparkling altar of Nemelex Xobeh.
  1741 | D:3      | Noticed Grinder
  1750 | D:3      | Paralysed by Grinder for 3 turns
  1764 | D:4      | Found a shadowy altar of Dithmenos.
  1956 | D:3      | Noticed a centaur
  1968 | D:3      | a centaur changed into a howler monkey
  1969 | D:3      | HP: 1/39 [howler monkey (5)]
  2028 | D:3      | Reached ** piety under Lugonu
  2087 | D:4      | Reached XP level 5. HP: 7/46 MP: 7/7
  2638 | D:4      | Reached XP level 6. HP: 51/52 MP: 8/8
  3123 | D:3      | Paralysed by Grinder for 6 turns
  3714 | D:3      | Paralysed by Grinder for 4 turns
  3723 | D:3      | Paralysed by Grinder for 4 turns
  3732 | D:3      | Killed Grinder
  3732 | D:3      | Reached XP level 7. HP: 42/59 MP: 9/9
  3849 | D:3      | Found a runed translucent door.
  3850 | D:3      | Noticed Crazy Yiuf
  3919 | D:3      | Noticed Jessica
  3923 | D:3      | Killed Jessica
  4005 | D:3      | Identified Jessica's Reference Book on the Traveller
  4168 | D:3      | Killed Crazy Yiuf
  4514 | D:4      | Found a staircase to the Ecumenical Temple.
  4808 | D:5      | Entered Level 5 of the Dungeon
  5164 | D:5      | Reached XP level 8. HP: 66/67 MP: 11/11
  5546 | D:6      | Found Polulu's Food Emporium.
  5555 | D:6      | Found Yriron's Assorted Antiques.
  5638 | D:6      | Reached skill level 5 in Axes
  5885 | D:6      | Noticed Dowan
  5887 | D:6      | Noticed Duvessa
  5898 | D:6      | Killed Duvessa
  5904 | D:6      | Killed Dowan
  6381 | D:6      | Reached skill level 5 in Armour
  6381 | D:6      | Reached skill level 5 in Invocations
  6496 | D:6      | Reached *** piety under Lugonu
  6545 | D:6      | Identified the ring of Ferainguch {rN+ Str+2 Dex+2 SInv}
  6861 | D:6      | Found Budutead's Magic Scroll Shoppe.
  6866 | D:6      | Bought a scroll of teleportation for 36 gold pieces
  6866 | D:6      | Bought a scroll of blinking for 90 gold pieces
  6954 | D:6      | Found Kaumyla's Armour Emporium.
  7138 | D:7      | Reached XP level 9. HP: 43/73 MP: 11/13
  7487 | D:7      | Reached skill level 5 in Fighting
  7931 | D:6      | Bought a +1 shield of positive energy for 189 gold pieces
  8190 | D:7      | Found a basalt altar of Yredelemnul.
  8228 | D:7      | Noticed Pikel
  8248 | D:7      | Killed Pikel
  8609 | D:7      | Found a deep blue altar of Sif Muna.
  8679 | D:8      | Found Zoewuow's Weapon Shop.
  8978 | D:8      | Found a blossoming altar of Fedhas.
  9101 | D:8      | Reached **** piety under Lugonu
  9479 | D:9      | Found a burning altar of Makhleb.
  9482 | D:9      | Found a hazy altar of Hepliaklqana.
  9494 | D:9      | Found a glowing silver altar of Zin.
  9497 | D:9      | Found an ancient bone altar of Kikubaaqudgha.
  9808 | D:9      | Reached skill level 1 in Shields
  9810 | D:9      | Found a runed translucent door.
  9810 | D:9      | Noticed Flure's ghost (novice DsNe)
  9810 | D:9      | Noticed a tengu warrior
  9820 | D:9      | Reached XP level 10. HP: 54/81 MP: 14/14
 10938 | D:9      | HP: 4/81 [tengu warrior/+2 broad axe (9)]
 11190 | D:9      | Killed a tengu warrior
 11372 | D:9      | Banished Flure's ghost
 11382 | D:10     | Entered Level 10 of the Dungeon
 12014 | D:10     | Noticed Harold
 12016 | D:10     | Paralysed by Harold for 3 turns
 12024 | D:10     | Paralysed by Harold for 5 turns
 12217 | D:9      | Banished Harold
 12871 | D:10     | Found a staircase to the Lair.
 12871 | D:10     | Noticed an elephant
 12912 | D:10     | Killed an elephant
 12912 | D:10     | Reached XP level 11. HP: 34/89 MP: 16/16
 13356 | D:10     | Noticed Joseph
 13359 | D:10     | Reached skill level 5 in Dodging
 13556 | D:10     | Killed Joseph
 13739 | D:10     | Noticed Maurice
 13749 | D:10     | Paralysed by Maurice for 4 turns
 13758 | D:10     | Killed Maurice
 13959 | Lair:1   | Entered Level 1 of the Lair of Beasts
 14400 | Lair:1   | Noticed a seven-headed hydra
 14405 | Lair:1   | Banished a seven-headed hydra
 15099 | Lair:2   | Noticed a seven-headed hydra
 15100 | Lair:2   | Banished a seven-headed hydra
 15110 | Lair:2   | Got a shimmering scale mail
 15121 | Lair:2   | Identified the cursed +1 scale mail of the Armoured One
                  | {rElec MR+} (You found it on level 2 of the Lair of Beasts)
 15560 | Lair:2   | Noticed Sonja
 15933 | Lair:3   | Noticed Fannar
 15935 | Lair:3   | Found a staircase to the Snake Pit.
 16238 | Lair:3   | Noticed Gastronok
 16285 | Lair:2   | Noticed a death yak
 16286 | Lair:2   | Noticed a death yak
 16664 | Lair:3   | Killed Fannar
 16673 | Lair:3   | Banished Gastronok
 16744 | Lair:3   | Mangled by a tyrant leech

Skill      XL: |  1  2  3  4  5  6  7  8  9 10 11 |
---------------+----------------------------------+-----
Axes           | 2 3 4 5 7 9 |  9.0
Dodging        | 1 2 3 4 5 |  5.7
Armour         | 2 3 5 6 7 8 |  8.3
Invocations    | 3 4 5 6 7 9 |  9.1
Fighting       | 4 5 6 7 |  7.0
Shields        | 1 2 3 |  3.2
Evocations     | |  0.2

Action                   |  1- 3 |  4- 6 |  7- 9 | 10-12 || total
-------------------------+-------+-------+-------+-------++-------
Melee: Hand axe          |    63 |   157 |   239 |       ||   459
       Kick              |    10 |    25 |    92 |    98 ||   225
       War axe           |       |       |   101 |   368 ||   469
Throw: Tomahawk          |       |       |     4 |     1 ||     5
Invok: Depart the Abyss  |     1 |       |       |       ||     1
       Banish            |       |       |     1 |    12 ||    13
       Bend Space        |       |       |       |     1 ||     1
Evoke: Wand              |       |     7 |     2 |       ||     9
  Use: Scroll            |     7 |     4 |     8 |    10 ||    29
       Potion            |       |     2 |       |    12 ||    14
  Eat: Chunk             |     1 |     6 |    16 |    14 ||    37
       Ration            |       |       |       |     3 ||     3
Armor: Leather armour    |    32 |       |       |       ||    32
       Scale mail        |     7 |   123 |    45 |       ||   175
       Chain mail        |       |       |   153 |   229 ||   382
       Skin              |       |       |       |    12 ||    12
Dodge: Dodged            |    38 |    85 |   100 |   104 ||   327
Block: Shield            |       |       |    43 |   249 ||   292
